 Dungeon Crawl Stone Soup version 0.18.1-48-g4cf74bf (webtiles) character file.

50 Necrotakul the Chopper (level 4, -3/35 HPs)
             Began as a Formicid Fighter on June 25, 2016.
             Slain by a gnoll
             ... wielding a +0 halberd
              (12 damage)
             ... on level 1 of the Dungeon.
             The game lasted 00:03:55 (1144 turns).

Necrotakul the Chopper (Formicid Fighter)           Turns: 1144, Time: 00:03:56

Health: -3/35      AC:  8    Str: 21    XL:     4   Next: 4%
Magic:  4/4        EV:  7    Int:  7    God:
Gold:   40         SH:  9    Dex: 11    Spells: 0 memorised, 3 levels left

rFire  . . .     SeeInvis +     a - +0 war axe
rCold  . . .     Gourm    .     b - +0 scale mail
rNeg   . . .     Faith    .     c - +0 shield
rPois  .         Spirit   .     (helmet unavailable)
rElec  .         Dismiss  .     (no cloak)
rCorr  .         Reflect  .     k - +0 pair of gloves
SustAt .         Harm     .     (no boots)
MR     .....                    (no amulet)
Stlth  ..........               (no ring)
                                (no ring)

@: not resistant to hostile enchantments, extremely unstealthy
A: permanent stasis, dig shafts and tunnels, four strong arms, antennae 3
a: Dig, Shaft Self


You were on level 1 of the Dungeon.
You were very hungry.

You visited 1 branch of the dungeon, and saw 2 of its levels.

You collected 40 gold pieces.

Inventory:

Hand Weapons
 a - a +0 war axe (weapon)
Armour
 b - a +0 scale mail (worn)
 c - a +0 shield (worn)
 k - a +0 pair of gloves (worn)
Jewellery
 h - an uncursed ring of positive energy {unknown}
Scrolls
 e - a scroll of remove curse {unknown}
Potions
 d - a potion of might
 g - a potion of heal wounds {unknown}
 j - a potion of agility {unknown}
Comestibles
 f - 2 bread rations
 i - a meat ration
 l - a beef jerky


   Skills:
 - Level 3.2 Fighting
 + Level 4.0 Axes
 - Level 3.2 Armour
 - Level 3.6 Shields


You had 3 spell levels left.
You didn't know any spells.

Dungeon Overview and Level Annotations

Branches:
Dungeon (2/15)

Altars:


Innate Abilities, Weirdness & Mutations

You are under a permanent stasis effect.
You can dig through walls and to a lower floor.
Your four strong arms can wield two-handed weapons with a shield.
You have a pair of large antennae on your head (SInv).


Message History

You climb upwards.
There is a stone staircase leading down here.
You start resting.
HP restored.
You climb downwards.
The gnoll hits you with a halberd.
There is a stone staircase leading up here.
You climb upwards.
There is a stone staircase leading down here.
You completely miss the gnoll. You block the gnoll's attack.
The gnoll barely misses you.
You barely miss the gnoll.
You are feeling very hungry.
The gnoll hits you with a halberd!
You hit the gnoll but do no damage. The gnoll closely misses you.
Your shield and scale mail prevent you from hitting the gnoll.
The gnoll hits you with a halberd.
You closely miss the gnoll. The gnoll hits you with a halberd!
* * * LOW HITPOINT WARNING * * *
You closely miss the gnoll. The gnoll hits you with a halberd!
You die...

(######.#.#### #####
#.#
.PP♣P#.......####.#.##
#.#
))PP♣#.#####[##......#
#.# ...P♣#.#
#.##.#.#.####.#
...≈P#.#
#..)..........#
§...♣#.#
#.#..#.#.#.####
....♣#.#####.#........#
####
...P♣#.......#.##.#.#.#
#...
..÷P♣#....###...@.....#
#...
##÷P♣#.........g#.#.###
#...
..PP##....###........#
#...
..PP##.........##.#.##
###...
.P#♣##....######.....#
#.....


PP♣ #############.#.## #.#..# ♣#♣ #.....)..(((.....# #.####
###############.#.########.### ###..# #...............## You could see a gnoll.

Vanquished Creatures
  2 adders (D:2)
  2 dart slugs (D:1)
  2 giant geckos (D:1)
  2 goblins (D:1)
  4 hobgoblins
  8 kobolds (D:1)
  A ball python (D:1)
  A bat (D:1)
  2 giant newts (D:1)
  4 rats (D:1)
  A bush (D:1)
  A plant (D:1)
30 creatures vanquished.

Notes
Turn   | Place    | Note
--------------------------------------------------------------
     0 | D:1      | Necrotakul the Formicid Fighter began the quest for the Orb.
     0 | D:1      | Reached XP level 1. HP: 18/18 MP: 1/1
   121 | D:1      | Reached XP level 2. HP: 24/24 MP: 2/2
   279 | D:1      | Reached skill level 3 in Axes
   510 | D:1      | Reached XP level 3. HP: 17/29 MP: 3/3
  1029 | D:2      | Reached skill level 4 in Axes
  1029 | D:2      | Reached XP level 4. HP: 29/35 MP: 4/4
  1144 | D:1      | Slain by a gnoll

Skill      XL: |  1  2  3 |
---------------+----------+-----
Axes           | 3 4 |  4.0
Fighting       | |  3.2
Armour         | |  3.2
Shields        | |  3.6

Action                   |  1- 3 |  4- 6 || total
-------------------------+-------+-------++-------
Melee: War axe           |   119 |     6 ||   125
Armor: Scale mail        |    33 |     1 ||    34
Dodge: Dodged            |    30 |     2 ||    32
Block: Shield            |    28 |     1 ||    29
